[Event "Serbian League 2024"]
[Site "Bajina Basta"]
[Date "2024.09.29"]
[Round "3.1"]
[White "Puranik, Abhimanyu"]
[Black "Krstulovic, Alex"]
[Result "1-0"]
[ECO "D78"]
[WhiteElo "2639"]
[BlackElo "2452"]
[Annotator "TA"]
[PlyCount "65"]
[EventDate "2024.09.26"]
[EventType "team-tourn"]
[EventCountry "SRB"]
[SourceTitle "playchess.com"]
[Source "ChessBase"]
[SourceQuality "1"]
[TimeControl "40/5400+30:1800+30"]

1. Nf3 Nf6 2. g3 g6 3. c4 Bg7 4. Bg2 c6 5. O-O O-O 6. d4 d5 7. a4 a5 8. cxd5 cxd5 9. Qb3 {[%emt 0:00:06] The position is equal.} Nc6 10. Bf4 Nb4 11. Na3 Bf5 12. Rfc1 Qb6 13. Bc7 Qa6 (13... Qe6 $5) 14. Bf1 {[%emt 0:00:16][%cal Oe2e4] [#] Strongly threatening e4!} Ne4 15. Nc2 Qc4 16. Qxc4 dxc4 17. Nxb4 axb4 18. Rxc4 Rfc8 19. Rcc1 Nc3 20. Bf4 $16 (20. bxc3 b3 21. Rcb1 (21. Nh4 $2 b2 $19) 21... Bxb1 (21... Rxc7 22. Rxb3 Rac8 23. Rb5 $14) 22. Rxb1 Rxc7 23. Rxb3 e5 (23... Rxa4 24. e3 $15) 24. Nxe5 Bxe5 (24... Rxa4 25. Nd3 $11) 25. dxe5 Rxa4 $11) 20... Nd5 21. Bd2 Rxc1 22. Rxc1 b3 23. e3 Nb6 (23... Be4 $142) 24. a5 $18 Na4 25. Rc7 Nxb2 26. Rxb7 (26. Rxe7 Rb8 $14) 26... Be6 27. e4 (27. Rxe7 $6 Nc4 $16) 27... f5 $2 (27... Nc4 {was worth a try.}) 28. d5 (28. Rxe7 Bc4 29. Bxc4+ Nxc4 $18) 28... Bf7 29. Ng5 {[%emt 0:00:37] Hoping for Nxf7.} ({Less strong is} 29. Rxb3 fxe4 30. Ng5 Bxd5 $18) 29... fxe4 30. Nxf7 ({And not} 30. Nxe4 Bxd5 31. Rb4 Nd1 $11) 30... Kxf7 31. Rxb3 Na4 (31... Nd3 $142 32. Kg2 e3 33. fxe3 (33. Bxe3 Ne1+ 34. Kh3 Nf3 $18) 33... Nc5) 32. Ra3 Nb6 {[%emt 0:01:38] [#]} 33. d6 $1 {[%emt 0:00:42][%mdl 512] Weighted Error Value: White=0.13 (very precise) /Black=0.32.  Mistake:       	---       	Black=4      Inaccurate:     	White=1     	Black=2      OK:         	White=14    	Black=8      Best:        	White=5     	---} 1-0

[Event "Serbian League 2024"]
[Site "Bajina Basta"]
[Date "2024.09.29"]
[Round "3.2"]
[White "Popovic, Dusan"]
[Black "Gagunashvili, Merab"]
[Result "1/2-1/2"]
[ECO "C48"]
[WhiteElo "2494"]
[BlackElo "2550"]
[Annotator "TA"]
[PlyCount "29"]
[EventDate "2024.09.26"]
[EventType "team-tourn"]
[EventCountry "SRB"]
[SourceTitle "playchess.com"]
[Source "ChessBase"]
[SourceQuality "1"]
[TimeControl "40/5400+30:1800+30"]

1. e4 e5 2. Nf3 Nc6 3. Nc3 Nf6 4. Bb5 Nd4 5. O-O Nxb5 6. Nxb5 a6 7. Nc3 d6 8. d4 exd4 {[%emt 0:00:25] White is slightly better.} 9. Nxd4 Be7 10. Qf3 O-O 11. Nf5 Bxf5 12. Qxf5 Qc8 13. Qf3 Re8 14. Re1 Qg4 15. Qxg4 {[%emt 0:04:38] Not much happened in this game.   Weighted Error Value: White=0.07 (flawless) /Black=0.06 (flawless) .  Inaccurate:     	---       	Black=1      OK:         	White=2     	Black=5      Best:        	White=1     	---} 1/2-1/2

[Event "Serbian League 2024"]
[Site "Bajina Basta"]
[Date "2024.09.29"]
[Round "3.3"]
[White "Draskovic, Luka"]
[Black "Sedlak, Nikola"]
[Result "1/2-1/2"]
[ECO "C01"]
[WhiteElo "2497"]
[BlackElo "2401"]
[Annotator "TA"]
[PlyCount "44"]
[EventDate "2024.09.26"]
[EventType "team-tourn"]
[EventCountry "SRB"]
[SourceTitle "playchess.com"]
[Source "ChessBase"]
[SourceQuality "1"]
[TimeControl "40/5400+30:1800+30"]

1. e4 e6 2. d4 d5 3. exd5 exd5 4. Nf3 Nc6 5. Bd3 Bd6 6. O-O Nge7 7. c3 Bg4 8. Re1 Qd7 9. Nbd2 O-O-O 10. b4 Rde8 11. b5 Nd8 12. Qa4 Kb8 13. Ba3 (13. Ne5 $14 Bxe5 14. dxe5 (14. Rxe5 Ng6 $15)) 13... f6 14. Bxd6 Qxd6 15. Re3 Nc8 16. Rxe8 Rxe8 17. b6 Bd7 18. bxa7+ Nxa7 19. Qc2 g6 20. a4 Ne6 21. g3 {[%emt 0:04:31] Repels Nf4} c5 (21... Nc8 $11) 22. dxc5 $16 Nxc5 {[%emt 0:00:48] Weighted Error Value: White=0.10 (very precise) /Black=0.19 (very precise) .  Mistake:       	White=1     	Black=1      Inaccurate:     	White=1     	Black=1      OK:         	White=4     	Black=3      Best:        	White=2     	---} 1/2-1/2

[Event "Serbian League 2024"]
[Site "Bajina Basta"]
[Date "2024.09.29"]
[Round "3.4"]
[White "Stojanovic, Dalibor"]
[Black "Bryakin, Mikhail"]
[Result "1/2-1/2"]
[ECO "C24"]
[WhiteElo "2448"]
[BlackElo "2438"]
[Annotator "TA"]
[PlyCount "94"]
[EventDate "2024.09.26"]
[EventType "team-tourn"]
[EventCountry "SRB"]
[SourceTitle "playchess.com"]
[Source "ChessBase"]
[SourceQuality "1"]
[TimeControl "40/5400+30:1800+30"]

1. e4 e5 2. Nf3 Nc6 3. Bc4 Nf6 4. d3 d5 5. exd5 Nxd5 6. Nc3 Nb6 7. Bb5 Bd6 8. O-O O-O 9. Bxc6 bxc6 10. Re1 f6 11. h3 Qd7 12. Ne4 f5 (12... c5 $11) 13. Ng3 {[%emt 0:01:18] A dynamic duo of knights.} Re8 14. Bd2 e4 15. dxe4 Bxg3 16. fxg3 {[%emt 0:00:03] [#] exf5 is the strong threat.} fxe4 17. Ng5 Qd4+ 18. Be3 Qxd1 19. Raxd1 h6 20. Bxb6 cxb6 21. Nxe4 {[%emt 0:05:52][%cal Oe4f6] [#] Threatens to win with Nf6+!} Bf5 22. Nd6 Rxe1+ 23. Rxe1 Bxc2 $11 {[%emt 0:00:11][%mdl 4096] Endgame. KRB-KRN} 24. Re7 Rd8 25. Nc4 Rd1+ 26. Kf2 Bd3 27. Ne5 Bb5 28. Rxa7 Rd2+ 29. Kf3 Rxb2 30. h4 Bf1 31. g4 Bxg2+ 32. Kg3 Bd5 33. Ra8+ Kh7 34. h5 Rg2+ 35. Kh4 Rh2+ 36. Kg3 Rg2+ 37. Kh4 Rh2+ 38. Kg3 Rxa2 39. Rd8 Be4 40. Kf4 (40. g5 $5 hxg5 41. Nf7 Rg2+ 42. Kh3 g4+ 43. Kh4 Rh2+ 44. Kxg4 Bf3+ 45. Kxf3 Rxh5 46. Kf4 $18) 40... Ra4 41. Nd7 {[%emt 0:04:36][%cal Of4e5] Ke5! would now be deadly. The position is equal.} Bc2+ 42. Ke5 $1 {[%emt 0:03:44] Nf8+ would kill now.} Re4+ (42... Rxg4 43. Nf8+ (43. Nxb6 $2 Re4+ 44. Kd6 Rd4+ 45. Ke7 Rxd8 $19) 43... Kg8 44. Ng6+ Kh7 45. Rh8#) 43. Kd6 Rd4+ (43... Rxg4 44. Nf8+ Kg8 45. Ng6+ Kh7 46. Rh8#) 44. Ke7 Re4+ (44... Rxg4 45. Nf8+ Kh8 46. Ng6+ Kh7 47. Rh8#) 45. Kd6 Rd4+ ({Stronger than} 45... Rxg4 46. Nf8+ Kg8 47. Ng6+ Kh7 48. Rh8#) 46. Ke7 {[%emt 0:00:04] White wants to mate with Nf8+.} Re4+ ({Inferior is} 46... Rxg4 47. Nf8+ Kh8 48. Ng6+ Kh7 49. Rh8#) 47. Kd6 {[%emt 0:00:05] Intending Nf8+ and mate.} Rd4+ {[%emt 0:00:08] Weighted Error Value: White=0.06 (flawless) /Black=0.07 (flawless) .  Mistake:       	---       	Black=1      Inaccurate:     	White=4     	Black=1      OK:         	White=17    	Black=23     Best:        	White=4     	Black=2      Strong:       	White=1     	---} ({Worse is} 47... Rxg4 48. Nf8+ Kg8 49. Ng6+ Kh7 50. Rh8#) 1/2-1/2

[Event "Serbian League 2024"]
[Site "Bajina Basta"]
[Date "2024.09.29"]
[Round "3.5"]
[White "Radovanovic, Mihajlo"]
[Black "Alimpic, Aleksa"]
[Result "1-0"]
[ECO "B12"]
[WhiteElo "2426"]
[BlackElo "2253"]
[Annotator "TA"]
[PlyCount "115"]
[EventDate "2024.09.26"]
[EventType "team-tourn"]
[EventCountry "SRB"]
[SourceTitle "playchess.com"]
[Source "ChessBase"]
[SourceQuality "1"]
[TimeControl "40/5400+30:1800+30"]

1. e4 c6 2. d4 d5 3. e5 Bf5 4. Nd2 e6 5. Nb3 a6 6. Nf3 c5 7. Be2 Nc6 8. dxc5 {[%emt 0:09:30] White is slightly better.} Bxc5 9. Nxc5 Qa5+ 10. c3 Qxc5 11. Be3 Qa5 12. Qb3 Qc7 13. Bb6 Qd7 14. O-O {[%emt 0:00:37] Black is weak on the dark squares} Nge7 15. Rad1 O-O 16. c4 Bg4 17. Rfe1 Qc8 18. Rc1 Bh5 19. h3 Re8 (19... h6 $14) 20. a3 (20. g4 $16 Bg6 21. Nd2) 20... h6 21. Bf1 Qd7 22. g4 $36 {[%emt 0:00:24][%mdl 2048] White is on the roll.} Bg6 23. Rcd1 Qc8 {[%emt 0:01:14] Black is on the road to losing.} 24. Nd2 {[%emt 0:00:18] White is more active.} Nb8 25. Rc1 {[%emt 0:04:20] [#] cxd5 is the strong threat.} d4 26. Bxd4 $18 Nec6 27. Bc5 Rd8 (27... Nxe5 $142 28. Rxe5 f6) 28. Bd6 Nd7 29. Nf3 Nf6 30. Qe3 Ne8 31. Bc5 a5 32. b3 Nb8 33. h4 Na6 34. Bb6 Rd7 35. h5 (35. Bxa5 Nc5 36. h5 Bd3 $16) 35... Bh7 36. Rcd1 (36. Bxa5 $6 Nc5 37. Rcd1 Rxa5 $18) 36... Nb8 37. g5 hxg5 38. Nxg5 (38. Qxg5 Rxd1 39. Rxd1 Nd7) 38... Bc2 39. Rxd7 Nxd7 40. Bd4 Nf8 41. Rc1 Bf5 42. Be2 Qc7 43. Bb6 Qe7 44. Bc5 Qc7 45. f4 Rc8 46. Bd4 Qe7 47. Bf3 Qxa3 (47... b6 $142 48. Kf2 (48. Bxb6 Qxa3 49. Bd4 a4 $18) 48... f6) 48. Ra1 ({Don't take} 48. Bxb7 Rb8 $18) 48... Qe7 49. Rxa5 Rd8 50. Ra7 Rd7 51. Ra8 {[%emt 0:00:00] aiming for Bc5.} Rd8 52. Bc5 {[%emt 0:00:00] A strong pair of Bishops.} Qd7 53. Rxd8 Qxd8 54. Qd4 Qa5 (54... Nd7 55. Bb4 (55. Bxb7 Qc7 $17) 55... Qc7) 55. b4 (55. Bxb7 f6 $18) 55... Qa3 (55... Qc7 56. b5 Nd7) 56. Bxf8 {[%emt 0:00:04][%cal Od4d7] Hoping for Qd7! White is clearly winning.} Kxf8 {[%emt 0:00:00] [#]} 57. Qd7 $1 ({Less strong is} 57. Bxb7 Qxb4 58. Bf3 f6 $16) 57... Qe3+ 58. Kg2 {[%emt 0:00:05] Weighted Error Value: White=0.14 (very precise) /Black=0.22 (precise) .  Mistake:       	White=1     	Black=6      Inaccurate:     	White=4     	Black=7      OK:         	White=25    	Black=21     Best:        	White=3     	Black=2} 1-0

[Event "Serbian League 2024"]
[Site "Bajina Basta"]
[Date "2024.09.29"]
[Round "3.6"]
[White "Popovic, Milan S"]
[Black "Lukovic, Vladimir"]
[Result "1/2-1/2"]
[ECO "C47"]
[WhiteElo "2367"]
[BlackElo "2431"]
[Annotator "TA"]
[PlyCount "44"]
[EventDate "2024.09.26"]
[EventType "team-tourn"]
[EventCountry "SRB"]
[SourceTitle "playchess.com"]
[Source "ChessBase"]
[SourceQuality "1"]
[TimeControl "40/5400+30:1800+30"]

1. e4 e5 2. Nc3 Nf6 3. Nf3 Nc6 4. d4 exd4 5. Nxd4 Bb4 6. Nxc6 bxc6 7. Bd3 d5 8. Bd2 Bxc3 9. Bxc3 dxe4 10. Bxf6 Qxf6 11. Bxe4 O-O {[%emt 0:03:07][%cal Of8e8] [#] Strongly threatening ...Re8!} 12. O-O Qxb2 13. Bxc6 Rb8 14. Rb1 Qxb1 15. Qxb1 Rxb1 16. Rxb1 $11 {[%emt 0:00:03][%mdl 4096] Endgame. KRB-KRB} Rd8 17. Bf3 Ba6 18. Rb4 Kf8 19. h3 Rd2 20. Ra4 Bb5 21. Ra5 Be2 22. Bxe2 Rxe2 {[%emt 0:00:28] A rather calm draw.   Weighted Error Value: White=0.06 (flawless) /Black=0.05 (flawless) .  OK:         	White=6     	Black=7} 1/2-1/2

[Event "Serbian League 2024"]
[Site "Bajina Basta"]
[Date "2024.09.29"]
[Round "3.7"]
[White "Nadj Hedjesi, Balind"]
[Black "Adhiban, B.."]
[Result "0-1"]
[ECO "B20"]
[WhiteElo "2212"]
[BlackElo "2537"]
[Annotator "TA"]
[PlyCount "62"]
[EventDate "2024.09.26"]
[EventType "team-tourn"]
[EventCountry "SRB"]
[SourceTitle "playchess.com"]
[Source "ChessBase"]
[SourceQuality "1"]
[TimeControl "40/5400+30:1800+30"]

1. e4 c5 2. a3 g6 3. Nc3 Bg7 4. Bc4 Nc6 5. h4 h6 6. d3 d6 7. Ba2 Nf6 8. Nge2 {[%emt 0:02:56] The position is equal.} e6 9. Ng3 ({White should try} 9. Be3 $11) 9... d5 $15 10. h5 g5 11. O-O d4 12. Nce2 Ne5 13. b4 b6 {[%emt 0:00:07] Black is more active.} 14. bxc5 bxc5 15. f4 gxf4 16. Bxf4 Nfg4 17. Qe1 Bf6 18. Nh1 Rg8 19. Qg3 Bh4 20. Qh3 Rb8 21. Rab1 {[%emt 0:00:52] Dodges Rb2} (21. Bb3 $142) 21... Rb6 22. a4 (22. Bb3 $142) 22... Bg5 $19 23. Nf2 Bxf4 24. Nxg4 (24. Nxf4 $142 Ne3 25. Kh1) 24... Rxb1 25. Bxb1 {[%emt 0:00:18] White is weak on the dark squares} Nxg4 26. Nxf4 Ne3 {[%emt 0:00:24][%cal Oe6e5] [#] aiming for ...e5!} 27. Rf3 e5 28. Rg3 Rxg3 (28... exf4 $2 {perishes.} 29. Rxg8+ Ke7 30. Qh4+ (30. Qxc8 Qxc8 31. Rxc8 f5 $18) (30. Rxd8 Bxh3 31. Ra8 Be6 $18) 30... f6 31. Rxd8 $18) 29. Qxg3 exf4 30. Qg8+ Ke7 31. Qg7 Be6 {[%emt 0:00:58] Black took control after the opening.   Weighted Error Value: White=0.91/Black=0.42.  Mistake:       	White=4     	---        Inaccurate:     	White=2     	Black=1      OK:         	White=6     	Black=11     Best:        	---       	Black=2} (31... Qa5 $142 32. Qe5+ Be6 33. c3 Qxc3 (33... dxc3 $2 34. Qxf4 c2 35. Qh4+ Kd7 36. Bxc2 $19) 34. Qc7+ Kf8 35. Qd6+ Kg7 36. Qe5+ Kh7 37. Qxf4 Qc1+ 38. Kh2 Nf1+ (38... Qxb1 39. e5 Ng4+ 40. Kg3 Qxd3+ 41. Qf3 Qxf3+ 42. gxf3 d3 43. fxg4 d2 44. Kf4 d1=Q 45. g5 Qd2+ 46. Kg3 hxg5 47. a5 Bd5 48. Kg4 Qf4+ 49. Kh3 Qh4#) 39. Qxf1 Qxf1 40. Bc2 Qc1 (40... Qf4+ {gets mated.} 41. Kh1 Qc1+ 42. Kh2 Qxc2 43. Kg3 Qxd3+ 44. Kh2 Qxe4 45. Kg1 Bd5 46. Kf1 Qxg2+ 47. Ke1 Bf3 48. a5 Qe2#) 41. Bb3 Bxb3 (41... Qf4+ 42. Kh1 Bxb3 43. Kg1 Qg3 44. a5 c4 45. Kf1 cxd3 46. a6 d2 47. Kg1 d1=Q#) 42. Kg3 Qg1 (42... Bxa4 43. Kh2 Qe3 44. g3 Qf2+ 45. Kh3 Bd7+ 46. g4 Qg1 47. e5 Be6 48. Kh4 Qxg4#) 43. Kh3 Be6+ (43... Bxa4 44. Kg3 f6 45. e5 fxe5 46. Kg4 Bd7+ 47. Kg3 Kg8 48. Kh4 Qh2#) 44. Kg3 a5 45. Kf4 Qe3+ (45... Qxg2 $2 {leads to mate.} 46. Ke5 Qg3+ 47. Kf6 Qg5#) 46. Ke5 Qg3+ 47. Kf6 Qg5#) 0-1

[Event "Serbian League 2024"]
[Site "Bajina Basta"]
[Date "2024.09.29"]
[Round "3.8"]
[White "Can, Emre"]
[Black "Yilmaz, Baver"]
[Result "1-0"]
[ECO "B22"]
[WhiteElo "2547"]
[BlackElo "2202"]
[Annotator "TA"]
[PlyCount "129"]
[EventDate "2024.09.26"]
[EventType "team-tourn"]
[EventCountry "SRB"]
[SourceTitle "playchess.com"]
[Source "ChessBase"]
[SourceQuality "1"]
[TimeControl "40/5400+30:1800+30"]

1. e4 c5 2. Nf3 e6 3. c3 Nf6 4. e5 Nd5 5. a3 d6 6. d4 {[%emt 0:00:08] B22: Siciliaans: 2 c3.} cxd4 $1 {[%emt 0:00:33] Sterk} 7. c4 {[%emt 0:00:14] Fout (0.5)} (7. cxd4 $14 Be7 8. exd6 Qxd6 9. Nc3) 7... Nc7 {[%emt 0:02:31] [#] En nu zou ...dxe5 winnen.} 8. Qxd4 {[%emt 0:00:56] Zwart moet nu Bg5 voorkomen. OK. De stelling is in evenwicht.} Nc6 {[%emt 0:01:26] Beste (Gemakkelijk)} 9. Qc3 {[%emt 0:00:07] Fout (0.6)} (9. Qf4 $1 $11) {Zwart zou moeten spelen} 9... dxe5 {[%emt 0:02:21] Fout (0.9)} (9... f6 $1 $15) 10. Nxe5 $14 {[%emt 0:00:16] Onnauwkeurig} Qf6 {[%emt 0:06:25] Fout (0.7)} (10... Nd4 $1 $11) 11. Nxc6 $16 {[%emt 0:02:06] Beste (Gemakkelijk)} bxc6 12. Qxf6 $146 {[%emt 0:17:59] OK} ({Predecessor:} 12. Be3 e5 13. Nd2 Be7 14. Ne4 Qe6 15. Nc5 Qf6 16. Bd3 O-O 17. O-O Ne6 18. Ne4 {1-0 Sychev,K (2542)-Markov,M (2283) Wch Rapid Samarkand 2023 (8)}) 12... gxf6 13. b4 {[%emt 0:01:00] Fout (1.0)} (13. Be3 $16) 13... e5 {[%emt 0:06:01] Fout (0.8)} (13... a5 $11) 14. Nc3 {[%emt 0:14:53] Fout (0.8)} (14. g3 $16) 14... Ne6 {[%emt 0:02:47] Fout (0.7)} (14... a5 $11) 15. Bb2 {[%emt 0:01:18] Fout (1.0)} (15. Bd3 $14) 15... Bg7 {[%emt 0:10:31] Fout (0.8)} (15... Rb8 $15) 16. Bd3 Bd7 {[%emt 0:02:22] was beter. Fout (0.5)} (16... a5 $14) 17. O-O {[%emt 0:11:21] Onnauwkeurig} O-O 18. Ne2 {[%emt 0:41:21] Onnauwkeurig} Rad8 {[%emt 0:05:57] Fout (0.9)} (18... a5 $14) 19. Rad1 {Zwart zou moeten proberen} c5 {[%emt 0:04:31] Fout (0.5)} (19... a5) 20. b5 {[%emt 0:00:00] OK} Nd4 21. Bxd4 exd4 {[%emt 0:03:37] Fout (0.5)} (21... cxd4 $16 22. Ng3 Rb8) 22. Ng3 $18 {[%emt 0:00:00] OK} Rc8 {[%emt 0:02:50] Zwart is zwak op de lichte velden} 23. a4 {[%emt 0:00:00][%cal Ba3a4,Ba4a5][%mdl 32] EV=12.21. Goes to a6 (dbg)). OK} Rfd8 24. a5 {[%emt 0:00:00] OK} Bf8 {[%emt 0:01:54] OK} 25. Ne4 {[%emt 0:00:00] Fout (0.9)} (25. a6 $18) 25... Kg7 {[%emt 0:03:05] was een poging waard. Fout (0.6)} (25... Bxb5 $16 26. cxb5 (26. Nxf6+ Kg7 $16) 26... c4) 26. f4 {[%emt 0:00:00] Fout (1.1)} (26. Ng3 $18) 26... f5 {[%emt 0:02:35] pakt misschien beter uit. Fout (0.9)} (26... Bxb5 $16 27. cxb5 c4) 27. Ng3 {[%emt 0:00:00] Fout (0.8)} (27. Nd2 $18) 27... Kg6 $16 {[%emt 0:01:49] Beste} 28. Kf2 {[%emt 0:00:00] Wit is actiever. Fout (0.6)} (28. Rb1 $16) 28... Bd6 {[%emt 0:01:28] [#] Houdt de partij in balans. Fout (0.8)} (28... h5 $1 $11) 29. Kf3 {[%emt 0:00:00] Fout (0.8)} (29. Ne2 $1 $16) 29... Bc7 {[%emt 0:05:26] blijft gelijk. Fout (0.8)} (29... Rh8 $11) 30. Rfe1 {[%emt 0:00:00] OK} Re8 (30... Bxa5 $2 {slaat de verkeerde figuur.} 31. Re5 $18) 31. a6 {[%emt 0:00:00] OK} Ba5 {[%emt 0:04:34] OK} 32. Rxe8 {[%emt 0:00:00] OK} Rxe8 33. Nf1 {[%emt 0:00:00] Remt Re3+. OK} Kf6 {[%emt 0:02:23] OK} 34. Ra1 Bc7 {[%emt 0:01:55] OK} 35. g3 {[%emt 0:00:00] OK} {Beter is} h6 {[%emt 0:01:01] Fout (0.5)} (35... h5) 36. Kf2 {[%emt 0:00:00] OK} Re7 {[%emt 0:01:30] OK} 37. Ra3 Re8 {Wit zou moeten spelen} 38. Be2 {[%emt 0:00:36] Fout (0.5)} (38. Ra2 $18) 38... Be6 39. Nd2 {[%emt 0:00:31] OK} Rd8 {[%emt 0:01:16] Onnauwkeurig} 40. Rb3 Rb8 41. Nf3 Rb6 {[%emt 0:31:24] is een betere verdediging. Fout (0.7)} (41... Bc8 $16) 42. Rb1 $18 {[%emt 0:00:15] OK} Rd6 {[%emt 0:06:51] Hoopt vervolgens op ...d3.} 43. Ne5 Bc8 {[%emt 0:00:00] Kan voordeliger zijn. Fout (0.5)} (43... Rb6 $16) 44. Bf3 {[%emt 0:00:00] OK} Bb6 {[%emt 0:00:00] Kan gunstiger zijn. Fout (1.0)} (44... Be6 45. Rc1 Bd7) 45. Bd5 {[%emt 0:00:00][%cal Rd5f7] OK} Be6 {[%emt 0:00:00] Beste} 46. Bxe6 {[%emt 0:00:00] OK} Kxe6 {[%emt 0:00:00][%mdl 4096] Eindspel. Kan positief uitpakken. KRB-KRN. Fout (1.8)} (46... fxe6 47. h3 Bc7) 47. Re1 {[%emt 0:00:00] Beste} Kf6 48. Nd3 {[%emt 0:00:00] OK} Re6 49. Re5 {[%emt 0:00:00] OK} Re7 50. Kf3 (50. Nxc5 $2 {vergaat.} d3 51. Rd5 d2 52. Rxd2 (52. Rd6+ $2 Kg7 $19) 52... Bxc5+ 53. Kf1 Rc7 $19) 50... Rc7 51. Re8 Re7 {[%emt 0:00:00] OK} 52. Rxe7 {[%emt 0:00:00] OK} Kxe7 {[%emt 0:00:00] KB-KN} 53. g4 fxg4+ {[%emt 0:00:00] OK} 54. Kxg4 Ke6 $2 {[%emt 0:00:00] Fout (3.1)} (54... Kf6 55. f5 Ke7) 55. f5+ {[%emt 0:00:00] OK. Wit is duidelijk aan het winnen.} Kf6 56. Kf4 Bc7+ 57. Ke4 Bxh2 58. Nf4 d3 59. Nxd3 Bb8 60. Nxc5 Ke7 {[%emt 0:00:06] Remt Nd7.} 61. Nd3 h5 62. Nb4 Kd6 63. Nc6 Bc7 64. Nxa7 {[%emt 0:00:08] Nc8+ is de sterke dreiging.} Kc5 65. Nc8 {[%emt 0:08:22] Blunder waarde: Wit=0.25 (precies) /Zwart=0.65.  Fout:        	Wit=11     	Zwart=19     Onnauwkeurig:    	Wit=3      	Zwart=1      OK:         	Wit=21     	Zwart=7      Beste:        	Wit=2      	Zwart=3      Sterk:        	---       	Zwart=1} 1-0

[Event "Serbian League 2024"]
[Site "Bajina Basta"]
[Date "2024.09.29"]
[Round "3.9"]
[White "Szalai, Kornel"]
[Black "Bogosavljevic, Boban"]
[Result "0-1"]
[ECO "A13"]
[WhiteElo "2388"]
[BlackElo "2486"]
[Annotator "RC"]
[PlyCount "192"]
[EventDate "2024.09.26"]
[EventType "team-tourn"]
[EventCountry "SRB"]
[SourceTitle "playchess.com"]
[Source "ChessBase"]
[SourceQuality "1"]
[TimeControl "40/5400+30:1800+30"]

1. Nf3 d5 2. e3 Nf6 3. c4 e6 4. b3 b6 5. g3 Bb7 6. Bg2 Nbd7 7. O-O Bd6 8. Bb2 O-O 9. Nc3 a6 10. Qe2 Qe7 11. d4 Rfe8 12. Nh4 Ne4 13. cxd5 exd5 14. Nf5 Qf6 15. Nxd6 Qxd6 16. Rac1 Ndf6 17. Rc2 Ng5 18. Rfc1 h5 19. Nb1 c6 20. Nd2 Qe6 21. Kh1 Qf5 22. Nf3 a5 23. Nxg5 Qxg5 24. Qf3 a4 25. bxa4 Rxa4 26. a3 Ne4 27. Qd1 Rc4 28. Kg1 b5 29. Bf1 Bc8 30. Bxc4 bxc4 31. Qf3 Qg6 32. h4 Bf5 33. Qf4 Nxg3 34. Qxg3 Bxc2 35. Qxg6 Bxg6 36. a4 Bf5 37. a5 Rb8 38. Bc3 Bc8 39. Rc2 Rb3 40. Kg2 Kh7 41. Kg3 f6 42. Kf4 Kg6 43. f3 Kf7 44. e4 Ke6 45. Rc1 Ba6 46. Ke3 Kd7 47. Kd2 c5 48. Ke2 cxd4 49. Bxd4 dxe4 50. fxe4 Rh3 51. Rg1 c3+ 52. Kf2 Rh2+ 53. Ke3 Rh3+ 54. Kf2 c2 55. Rxg7+ Kd6 56. Bb2 Rb3 57. Bc1 Bb7 58. Ke2 Bxe4 59. a6 Rh3 60. a7 Rxh4 61. Ba3+ Ke6 62. Re7+ Kf5 63. Re8 Rh2+ 64. Ke1 Rh1+ 65. Ke2 Rh2+ 66. Ke1 Rh3 67. Rxe4 Rxa3 68. Rc4 Rxa7 69. Rxc2 Kg4 70. Kf2 f5 71. Rc8 Ra2+ 72. Kg1 f4 73. Rg8+ Kf3 74. Rh8 Ra1+ 75. Kh2 Ra5 76. Kg1 Re5 77. Ra8 Re1+ 78. Kh2 Re2+ 79. Kg1 h4 80. Ra7 Re1+ 81. Kh2 Re2+ 82. Kg1 Rd2 83. Ra8 Rd1+ 84. Kh2 Ke3 85. Re8+ Kf2 86. Rb8 f3 87. Rb4 Ke2 88. Re4+ Kd3 89. Rf4 Ke3 90. Rf7 f2 91. Re7+ Kd2 92. Rd7+ Kc2 93. Rc7+ Kb3 94. Rb7+ Kc4 95. Rc7+ Kb5 96. Rb7+ Kc6 0-1

[Event "Serbian League 2024"]
[Site "Bajina Basta"]
[Date "2024.09.29"]
[Round "3.10"]
[White "Zajic, Milan"]
[Black "Farkas, Tibor"]
[Result "1/2-1/2"]
[ECO "B90"]
[WhiteElo "2404"]
[BlackElo "2209"]
[Annotator "RC"]
[PlyCount "51"]
[EventDate "2024.09.26"]
[EventType "team-tourn"]
[EventCountry "SRB"]
[SourceTitle "playchess.com"]
[Source "ChessBase"]
[SourceQuality "1"]
[TimeControl "40/5400+30:1800+30"]

1. e4 c5 2. Nf3 d6 3. d4 cxd4 4. Nxd4 Nf6 5. Nc3 a6 6. Bd3 Nc6 7. Nxc6 bxc6 8. O-O e5 9. b3 Be7 10. Bb2 O-O 11. Ne2 a5 12. c4 Nd7 13. Bc2 Qb6 14. Kh1 a4 15. f4 axb3 16. axb3 Rxa1 17. Bxa1 exf4 18. Nxf4 Ne5 19. Qe1 Bg5 20. h3 Bxf4 21. Rxf4 Be6 22. Rf1 f6 23. Qd2 c5 24. Bc3 Ra8 25. Rd1 Ra6 26. Ra1 1/2-1/2

[Event "Serbian League 2024"]
[Site "Bajina Basta"]
[Date "2024.09.29"]
[Round "3.11"]
[White "Gabric, Goran"]
[Black "Roganovic, Milos"]
[Result "0-1"]
[ECO "B20"]
[WhiteElo "2185"]
[BlackElo "2434"]
[Annotator "RC"]
[PlyCount "118"]
[EventDate "2024.09.26"]
[EventType "team-tourn"]
[EventCountry "SRB"]
[SourceTitle "playchess.com"]
[Source "ChessBase"]
[SourceQuality "1"]
[TimeControl "40/5400+30:1800+30"]

1. e4 c5 2. a3 e6 3. b4 d5 4. exd5 exd5 5. bxc5 Bxc5 6. d4 Bd6 7. Nf3 Nf6 8. Bg5 O-O 9. Be2 Nbd7 10. O-O Qc7 11. Qd3 Ne4 12. Bh4 Nb6 13. Qb3 Bg4 14. Bg3 Rac8 15. Bxd6 Nxd6 16. Rc1 Rfe8 17. Bf1 Ndc4 18. a4 Qf4 19. Na3 Na5 20. Qd3 Bxf3 21. Qxf3 Qxf3 22. gxf3 a6 23. Bd3 g6 24. Rcb1 Nd7 25. Rb4 Rc7 26. Rb2 Nf8 27. Rd1 Ne6 28. Bf1 Rc3 29. Nb1 Rxf3 30. Bg2 Rf5 31. c4 Nxc4 32. Rxb7 Nxd4 33. Nc3 Ne2+ 34. Nxe2 Rxe2 35. Bxd5 Nd2 36. Rd7 Ne4 37. Bxe4 Rxe4 38. R7d4 Re2 39. f4 Ra2 40. Rc4 Ra5 41. Rdd4 Kg7 42. h3 Rf5 43. Rc6 a5 44. Rcc4 Rf6 45. Rd1 Rb6 46. f5 Rb4 47. Rxb4 axb4 48. fxg6 hxg6 49. Rb1 Rxa4 50. Kg2 Kh6 51. Rb3 f5 52. Kf2 Kg5 53. Kg2 Kh4 54. Kh2 g5 55. Kg2 Ra2+ 56. Kg1 f4 57. Rxb4 Kxh3 58. Rb3+ Kg4 59. Rb4 Kg3 0-1